General information
			
			
        
        - name: BNet
 
        - type: Ladder 1vs1/FFA
 
        - host: Battle.net
 
        - saver: DirtMcGirt
 
        
map: TurtleRock 
        - players: 2
 
        - length: 26:03
 
        - speed: Fast
 - version: 1.22 W3XP
 - replay type:  Public
 
» download(82 KB)
Players
        team 1 (loser) 
              
              
havockone (
orange | 43 APM | 1116 actions | 26:02)
              
 4 Mountain King 
 2 Storm Bolt
 1 Bash
 1 Thunder Clap
 2 Blood Mage 
 1 Flame Strike
 1 Siphon Mana
 
                » actions 
                
                | Build / train | 80 |  | 
| Enter build submenu | 31 |  | 
| Enter hero's abilities submenu | 6 |  | 
| Remove unit from queue | 6 |  | 
| Right click | 625 |  | 
| Select / deselect | 307 |  | 
| Use ability | 61 |  | 
                1116 total
 » units 
                
                | Peasant | 13 |  | 
| Footman | 4 |  | 
| Rifleman | 10 |  | 
| Priest | 7 |  | 
| Mortar Team | 4 |  | 
| Dragonhawk Rider | 4 |  | 
                42 total
 » upgrades
                
                | Gunpowder | 2 |  | 
| Masonry | 0 |  | 
| Lumber Harvesting | 1 |  | 
| Armor | 1 |  | 
| Flare | 1 |  | 
| Fragmentation Shards | 1 |  | 
| Cloud | 0 |  | 
                6 total
 » buildings
                
                | Altar of Kings | 1 |  | 
| Farm | 9 |  | 
| Barracks | 1 |  | 
| Blacksmith | 1 |  | 
| Arcane Vault | 1 |  | 
| Keep | 1 |  | 
| Scout Tower | 10 |  | 
| Arcane Tower | 3 |  | 
| Arcane Sanctum | 1 |  | 
| Lumber Mill | 1 |  | 
| Guard Tower | 5 |  | 
| Workshop | 1 |  | 
| Castle | 1 |  | 
| Town Hall | 1 |  | 
| Gryphon Aviary | 1 |  | 
                38 total
 » build order
                00:07 Altar of Kings
00:13 Farm
00:53 Farm
01:30 Barracks
02:07 Farm
02:23 Blacksmith
03:12 Farm
03:18 Arcane Vault
05:38 Keep
05:46 Scout Tower
05:59 Scout Tower
08:03 Arcane Tower
08:06 Scout Tower
08:18 Arcane Sanctum
08:42 Arcane Tower
08:51 Scout Tower
09:04 Lumber Mill
09:41 Guard Tower
09:44 Scout Tower
10:17 Farm
10:21 Guard Tower
10:25 Scout Tower
10:52 Farm
11:31 Guard Tower
11:33 Scout Tower
11:43 Farm
11:48 Workshop
13:20 Guard Tower
13:26 Scout Tower
14:01 Arcane Tower
14:05 Scout Tower
14:46 Guard Tower
14:51 Farm
16:20 Scout Tower
17:58 Castle
19:18 Farm
21:04 Town Hall
21:20 Gryphon Aviary
» items
                
                | Scroll of Regeneration | 2 |  | 
| Mechanical Critter | 1 |  | 
| Potion of Healing | 2 |  | 
| Ivory Tower | 3 |  | 
| Scroll of Town Portal | 1 |  | 
| Potion of Mana | 1 |  | 
                10 total
  
               team 2 (winner) 
              
              
» 
DirtMcGirt (
purple | 111 APM | 2895 actions | 26:03)
              
 5 Dark Ranger 
 3 Black Arrow
 2 Silence
 5 Death Knight 
 3 Death Coil
 2 Unholy Aura
 4 Pit Lord 
 2 Howl of Terror
 2 Cleaving Attack
 
                » actions 
                
                | Assign group hotkey | 18 |  | 
| Basic commands | 1 |  | 
| Build / train | 71 |  | 
| Enter build submenu | 18 |  | 
| Enter hero's abilities submenu | 15 |  | 
| Give item / drop item | 5 |  | 
| Remove unit from queue | 4 |  | 
| Right click | 1515 |  | 
| Select / deselect | 912 |  | 
| Select group hotkey | 252 |  | 
| Use ability | 84 |  | 
                2895 total
 » units 
                
                | Acolyte | 12 |  | 
| Ghoul | 13 |  | 
| Obsidian Statue | 4 |  | 
| Crypt Fiend | 1 |  | 
                30 total
 » upgrades
                
                | Destroyer Form | 1 |  | 
| Web | 1 |  | 
| Burrow | 1 |  | 
| Creature Carapace | 1 |  | 
| Creature Attack | 1 |  | 
                5 total
 » buildings
                
                | Crypt | 2 |  | 
| Ziggurat | 4 |  | 
| Tomb of Relics | 1 |  | 
| Altar of Darkness | 1 |  | 
| Halls of the Dead | 1 |  | 
| Graveyard | 3 |  | 
| Black Citadel | 1 |  | 
| Slaughterhouse | 1 |  | 
| Necropolis | 1 |  | 
                15 total
 » build order
                00:13 Crypt
00:22 Crypt
00:36 Ziggurat
00:52 Tomb of Relics
01:07 Ziggurat
01:58 Altar of Darkness
04:15 Halls of the Dead
05:26 Graveyard
05:41 Graveyard
05:46 Ziggurat
08:41 Ziggurat
10:09 Black Citadel
10:16 Graveyard
11:49 Slaughterhouse
21:18 Necropolis
» items
                
                | Rod of Necromancy | 1 |  | 
| Potion of Healing | 4 |  | 
| Potion of Mana | 3 |  | 
| Scroll of Town Portal | 1 |  | 
| Orb of Corruption | 1 |  | 
                10 total
  
                Chat log
          (00:05 / All) DirtMcGirt: fck
(00:17 / All) DirtMcGirt: i get scrub race tt
(00:26 / All) havockone: sry
(00:59 / All) DirtMcGirt: gl hf
(01:00 / All) DirtMcGirt: bro
(01:15 / All) havockone: u2
(01:17 / All) DirtMcGirt: what rac u think im playin?
(01:41 / All) havockone: dnt know
(02:18 / All) DirtMcGirt: fuck
(02:19 / All) DirtMcGirt: wow haha
(24:19 / All) DirtMcGirt: gg